Unix NetHack Version 5.0.0-0 post-release - last build May 22 2026 02:22:16 (99d1c3b6dc4b13757aaa5824b55bdea4e1e63757,branch:main).

Game began 2026-05-22 04:23:03, ended 2026-05-22 04:43:47.

CyberFan, neutral female human Tourist

        -- ----
     ----.--..----------
     |.................-
     |..............-
     ----....%.....--
        --.<.....G.|
         --........|
          |.......--
          |..|@..--
          ---|.---
             |.-
             -.
              .
              ..
              ..
             ...
             ...
             ....
            ---..
               ---

CyberFan the Sightseer      St:10 Dx:10 Co:17 In:15 Wi:8 Ch:14  Neutral
Dlvl:6  $:1001 HP:0(41) Pw:13(13) AC:4  Xp:4/146 T:2538  Burdened

Latest messages:
 Are you waiting to get hit?  Use 'm' prefix to force a no-op (to rest).
 You hit the gnome lord.
 The gnome lord hits!
 You hit the gnome lord.
 The gnome lord hits!
 You hit the gnome lord.
 The dwarf picks up a dagger.
 You hear some noises in the distance.
 You hear some noises.
 The dagger misses the gnome lord.
 You are hit by a dagger.
 The dagger falls down the stairs.
 You miss the gnome lord.
 The dagger misses the gnome lord.
 You are hit by a dagger.
 You hit the gnome lord.
 The gnome lord hits!
 You hit the gnome lord.
 The gnome lord turns to flee.
 You hit the gnome lord.
 It bites the gnome lord.
 The gnome lord misses it.
 The gnome thrusts his dagger.
 The gnome hits!
 There is a staircase down to level 6 here.
 You see here a dagger.
 You miss the dwarf.
 The dwarf swings his broad pick.
 The dwarf hits!
 You descend the stairs.
 There is a staircase up to level 5 here.
 You see here a dagger.
 The gnome picks up a gem.
 Pick a monster, object or location.
 In what direction?
 The dart hits the gnome.
 In what direction?
 You kill the gnome!
 H - a violet gem (2 in total).
 Pick a monster, object or location.
 You see here an uncursed +2 dart.
 a - an uncursed +2 dart (at the ready) (16 in total).
 a - an uncursed +2 dart (at the ready) (17 in total).
 There is a staircase up to level 5 here.
 You see here a dagger.
 O - a dagger (5 in total).
 You stop waiting.
 KAABLAMM!!!  You triggered a land mine!
 Your movements are slowed slightly because of your load.
 You die...

Inventory:
 Coins    ('$')
  $ - 1001 gold pieces
 Weapons  (')')
  a - 17 uncursed +2 darts (at the ready)
  q - 12 uncursed +0 darts
  O - 5 uncursed +0 daggers
  E - an uncursed fireproof +0 elven dagger (weapon in right hand)
  J - an uncursed +0 elven dagger
  t - an uncursed rusty +0 flail
 Armor    ('[')
  i - a blessed +0 Hawaiian shirt with a parrot motif (being worn)
  G - an uncursed +0 dwarvish mithril-coat (being worn)
 Comestibles  ('%')
  e - 4 uncursed jackfruits
  N - an uncursed cram ration
  b - 2 uncursed food rations
  f - an uncursed fortune cookie
  d - an uncursed rotten tin of newt meat
 Scrolls  ('?')
  h - 4 uncursed scrolls of blank paper
  w - an uncursed scroll of blank paper
  D - an uncursed scroll of blank paper
  F - an uncursed scroll of blank paper
  I - an uncursed scroll of blank paper
  K - an uncursed scroll of blank paper
  L - an uncursed scroll of blank paper
 Potions  ('!')
  g - 2 uncursed diluted potions of extra healing
  o - an uncursed diluted potion of hallucination
  z - 2 uncursed diluted potions of healing
  B - an uncursed diluted potion of oil
  C - an uncursed diluted potion of paralysis
  l - an uncursed diluted potion of restore ability
  x - a blessed diluted potion of sickness
  u - an uncursed diluted potion of speed
  s - an uncursed potion of water
 Rings    ('=')
  M - a cursed ring of conflict
  m - an uncursed ring of stealth
 Wands    ('/')
  A - an uncursed wand of digging (0:5)
 Tools    ('(')
  k - an uncursed credit card
  j - an uncursed expensive camera (0:44)
 Gems/Stones  ('*')
  P - 2 uncursed fluorite stones
  n - an uncursed worthless piece of red glass
  H - 2 uncursed worthless pieces of violet glass
  Q - an uncursed worthless piece of yellowish brown glass

CyberFan the Tourist's attributes:

Background:
 You were a Sightseer, a level 4 female human Tourist.
 You were neutral, on a mission for The Lady
 who was opposed by Blind Io (lawful) and Offler (chaotic).
 You were right-handed.
 You were in the Gnomish Mines, on level 6.
 You entered the dungeon 2538 turns ago.
 It was nighttime.
 You had 146 experience points, 14 more were needed to attain level 5.

Basics:
 You had 0 out of 41 hit points.
 You had all 13 energy points (spell power).
 Your armor class was 4.
 Your wallet contained 1001 zorkmids.
 Autopickup was on for '$%?!"=/*', with exceptions.

Final Characteristics:
 Your strength was 10 (limit:18/100).
 Your dexterity was 10 (base:11, limit:18).
 Your constitution was 17 (limit:18).
 Your intelligence was 15 (limit:18).
 Your wisdom was 8 (limit:18).
 Your charisma was 14 (limit:18).

Final Status:
 You had wounded legs.
 You weren't hungry.
 You were burdened; movement was slightly slowed.
 You were wielding a dagger.
 You were unskilled in dagger.

Final Attributes:
 You were piously aligned.
 You were telepathic.
 You were guarded.
 You are dead.

Miscellaneous:
 You disabled loading and storing of bones levels.
 Total elapsed playing time was 20 minutes and 43 seconds.

Major events:
 Turn
    1: CyberFan the neutral female human Tourist entered the dungeon
  456: attained the rank of Sightseer (level 3)
 2462: entered the Gnomish Mines
 2538: killed by a land mine

You didn't know any spells.

Skills:
 Fighting Skills
   bare handed combat [Unskilled]
   two weapon combat  [Unskilled]
   riding             [Unskilled]
 Weapon Skills
   dagger             [Unskilled]
   knife              [Unskilled]
   axe                [Unskilled]
   pick-axe           [Unskilled]
   short sword        [Unskilled]
   broadsword         [Unskilled]
   long sword         [Unskilled]
   two-handed sword   [Unskilled]
   saber              [Unskilled]
   mace               [Unskilled]
   morning star       [Unskilled]
   flail              [Unskilled]
   hammer             [Unskilled]
   quarterstaff       [Unskilled]
   polearms           [Unskilled]
   spear              [Unskilled]
   trident            [Unskilled]
   lance              [Unskilled]
   bow                [Unskilled]
   sling              [Unskilled]
   crossbow           [Unskilled]
   dart               [Basic]
   shuriken           [Unskilled]
   boomerang          [Unskilled]
   whip               [Unskilled]
   unicorn horn       [Unskilled]
 Spellcasting Skills
   divination spells  [Unskilled]
   enchantment spells [Unskilled]
   escape spells      [Unskilled]

Voluntary challenges:
 Character rerolling was not enabled.
 You were illiterate.
 You never genocided any monsters.
 You never polymorphed an object.
 You never changed form.
 You used no wishes.
Achievements:
 You entered a shop.
 You attained the rank of Sightseer.
 You entered the Gnomish Mines.

 The Dungeons of Doom: levels 1 to 7
    Level 1:
       A fountain.
    Level 2:
       A general store, an altar.
    Level 3:
       A fountain.
    Level 4:
       A fountain.
       Stairs down to The Gnomish Mines.
    Level 5:
    Level 6:
       Many fountains.
    Level 7:
       A fountain.
 The Gnomish Mines: levels 5 to 6
    Level 5:
    Level 6: <- You were here.
       Final resting place for
          you, killed by a land mine.


Vanquished creatures:
  a gnome leader
  2 elf zombies
  a straw golem
  a floating eye
  a dwarf
  a rothe
  2 giant bats
  2 orc zombies
  a wererat
  4 hobbits
  a giant rat
  a cave spider
  a yellow mold
  4 gnomes
  3 garter snakes
  4 geckos
  3 jackals
  a fox
  2 kobolds
  a goblin
  3 grid bugs
  a lichen
  5 newts
46 creatures vanquished.

No species were genocided or became extinct.

Game over:
                       ----------
                      /          \
                     /    REST    \
                    /      IN      \
                   /     PEACE      \
                  /                  \
                  |     CyberFan     |
                  |     1001 Au      |
                  | killed by a land |
                  |       mine       |
                  |                  |
                  |                  |
                  |       2026       |
                 *|     *  *  *      | *
        _________)/\\_//(\/(/\)/\//\/|_)_______

Aloha CyberFan the Tourist...

You died in The Gnomish Mines on dungeon level 6 with 931 points,
and 1001 pieces of gold, after 2538 moves.
You were level 4 with a maximum of 41 hit points when you died.

